 Dungeon Crawl Stone Soup version 0.32-a0-818-gb728d0252e (webtiles) character file.

Game seed: 3045858083491820307

129 Goblin1989 the Sneak (level 4, -2/33 HPs)
             Began as a Demonspawn Brigand on Mar 24, 2024.
             Slain by an orc
             ... wielding a +2 falchion of holy wrath
              (6 damage)
             ... on level 4 of the Dungeon.
             The game lasted 00:07:41 (2712 turns).

Goblin1989 the Sneak (Demonspawn Brigand)           Turns: 2712, Time: 00:07:41

Health: -2/33      AC:  3    Str: 11    XL:     4   Next: 88%
Magic:  4/4        EV: 10    Int: 12    God:
Gold:   199        SH:  0    Dex: 16    Spells: 3/3 levels left

rFire   . . .        a - +2 dagger
rCold   . . .        (no shield)
rNeg    . . .        b - +0 robe
rPois   .            (no helmet)
rElec   .            c - +0 cloak
rCorr   .            (no gloves)
SInv    .            (no boots)
Will    .....        (no amulet)
Stlth   ++++         (no ring)
HPRegen 0.25/turn    (no ring)
MPRegen 0.09/turn

%: no passive effects
@: about to teleport, wreathed by umbra
A: foul shadow 1
a: no special abilities


You were on level 4 of the Dungeon.
You visited 1 branch of the dungeon, and saw 4 of its levels.

You collected 199 gold pieces.

Inventory:

Hand Weapons
 a - a +2 dagger (weapon)
Missiles
 d - 14 poisoned darts
 e - 2 curare-tipped darts
 l - 15 boomerangs (quivered) {@Q3}
Armour
 b - a +0 robe (worn)
 c - a +0 cloak (worn)
Magical Staves
 o - a staff of fire
Wands
 t - a wand of warping (12)
Scrolls
 f - 2 scrolls of vulnerability {unknown}
 g - 3 scrolls of noise {unknown}
 h - 3 scrolls of identify {unknown}
 i - a scroll of fear {unknown}
 k - 3 scrolls of teleportation {!r, @r2}
 n - a scroll of blinking {unknown}
 q - a scroll of immolation {unknown}
 r - 2 scrolls of butterflies {unknown}
Potions
 j - a potion of might {unknown}
 m - a potion of curing {unknown}
 p - 2 potions of mutation {unknown}
 s - a potion of attraction {unknown}


   Skills:
 - Level 2.0 Fighting
 + Level 3.5 Short Blades
 - Level 1.7 Throwing
 - Level 0.8 Dodging
 + Level 5.0 Stealth


You had 3 spell levels left.
You didn't know any spells.
Your spell library contained the following spells:

 Spells                   Type           Power      Damage    Failure   Level
 Shock                    Conj/Air       0%         1d3       32%         1
 Sting                    Conj/Alch      0%         1d3       32%         1
 Mercury Vapours          Alch/Air       0%         N/A       45%         2
 Swiftness                Air            0%         N/A       69%         3
 Airstrike                Air            0%         2d(0-16)  97%         4
 Manifold Assault         Tloc           0%         N/A       97%         4
 Olgreb's Toxic Radiance  Alch           0%         N/A       97%         4
 Dispersal                Tloc           0%         N/A       100%        6
 Malign Gateway           Summ/Tloc      0%         N/A       100%        7
 Disjunction              Tloc           0%         N/A       100%        8
 Summon Horrible Things   Summ           0%         N/A       100%        8


Dungeon Overview and Level Annotations

Branches:
Dungeon (4/15) Zot: 21301
 Temple: D:4-7

Altars:

Shops:
D:3 (

Annotations:
D:2 1 runed translucent door, Crazy Yiuf


Innate Abilities, Weirdness & Mutations

You are faintly shadowed, very rarely releasing foul flame when damaged in melee.


Message History

A kobold is nearby!
The helpless kobold fails to defend itself.
You impale the kobold!!
You kill the kobold!
No target in view!
No target in view!
No target in view!
No target in view!
No target in view!
No target in view!
No target in view!
No target in view!
No target in view!
No target in view!
No target in view!
No target in view!
No target in view!
No target in view!
Found Xotojok's Weapon Boutique.
k - 4 scrolls labelled IPPUBB QYOGU (gained 1)
There is an entrance to Xotojok's Weapon Boutique here.
Unknown command.
s - a golden potion Done exploring.
Done exploring.
Done exploring.
Done exploring.
Done exploring.
There is a stone staircase leading down here.
You climb downwards.
There is a stone staircase leading up here.
Found 7 stones.
Found an escape hatch in the floor.
r - 2 scrolls labelled WIAPUDDUGI (gained 1)
Found a stone staircase leading down.
You now have 187 gold pieces (gained 13).
Found a leather armour.
Found a dagger.
h - 3 scrolls labelled ZIEDUO PE XEF (gained 1)
t - a wand of warping (12)
You now have 199 gold pieces (gained 12).
Found 5 large rocks.
You see here 5 large rocks {!d, @Q4}.
f - 2 scrolls labelled XIENIT TITOTUPT (gained 1)
An orc comes into view. It is wielding a +0 club.
An orc is nearby!
An orc is nearby! 4 orcs come into view.
An orc is wielding a +2 falchion of holy wrath.
The helpless orc fails to defend itself.
You spit the orc like a pig!!!
You kill the orc!
The helpless orc fails to defend itself.
You impale the orc!!
You kill the orc!
Your Stealth skill increases to level 5!
You see here a +0 club.
The helpless orc fails to defend itself.
You impale the orc!!
You kill the orc!
The orc shouts!
Things that are here:
a +0 mace; a +0 leather armour You hit the orc.
The orc is heavily wounded.
The orc hits you with a +0 war axe!
The orc hits you with a +2 falchion of holy wrath.
You convulse.
The orc is seared by the foul flame within you.
The orc is moderately wounded.
You take 16 damage, and have 17/33 hp.
MASSIVE DAMAGE!!
You are too injured to fight recklessly!
You are too injured to fight recklessly!
You are too injured to fight recklessly!
You are too injured to fight recklessly!
You are too injured to fight recklessly!
You are too injured to fight recklessly!
You are too injured to fight recklessly!
You are too injured to fight recklessly!
You are too injured to fight recklessly!
You are too injured to fight recklessly!
You are too injured to fight recklessly!
You are too injured to fight recklessly!
You are too injured to fight recklessly!
You closely miss the orc.
The orc is heavily wounded.
The orc hits you with a +2 falchion of holy wrath!
* * * LOW HITPOINT WARNING * * *
You convulse.
* * * LOW HITPOINT WARNING * * *
The orc hits you with a +0 war axe.
* * * LOW HITPOINT WARNING * * *
You take 13 damage, and have 4/33 hp.
MASSIVE DAMAGE!!
As you read the scroll labelled IPPUBB QYOGU, it crumbles to dust.
You feel strangely unstable.
It was a scroll of teleportation.
The orc closely misses you. The orc completely misses you.
The orc attacks as it pursues you! The orc barely misses you.
The orc attacks as it pursues you!
The orc hits you with a +2 falchion of holy wrath.
You die...

██.█ ██ █.██ █. █
█(.████████. █.
████......... ███.█
█.██.███████. ....█
██.██.██ █.
█..█████..██..█ ██.
█.o)██....█..█ █..
██o@...█.....█████..
██..█████..........
█.██ ███........
█..█ █..█████. █..█
█..█ ██. █.██
█..████.. ..
█........ ...
██........
███..█████..


You could see 2 orcs.

Vanquished Creatures
  An orc priest (D:3)
  2 adders
  2 adder skeletons (D:2)
  3 dart slugs
  A ribbon worm (D:2)
  7 orcs
  3 ball pythons
  3 bats
  2 bat skeletons (D:2)
  7 endoplasms
  3 giant cockroaches
  3 goblins
  4 hobgoblins
  4 kobolds
  2 quokkas (D:1)
  5 frilled lizards
  A giant cockroach zombie (D:2)
  A quokka zombie (D:2)
  2 rats
56 creatures vanquished.

Notes
Turn   | Place    | Note
-------+----------+-------------------------------------------
     0 | D:1      | Goblin1989 the Demonspawn Brigand began the quest for the
                  | Orb.
     0 | D:1      | Reached XP level 1. HP: 16/16 MP: 1/1
   213 | D:1      | Gained mutation: You are faintly shadowed, very rarely
                  | releasing foul flame when damaged in melee. [demonic
                  | ancestry]
   213 | D:1      | Reached XP level 2. HP: 22/22 MP: 2/2
   385 | D:1      | Reached skill level 4 in Stealth
  1091 | D:2      | Reached XP level 3. HP: 27/27 MP: 3/3
  1421 | D:2      | Found a runed translucent door.
  1422 | D:2      | Noticed Crazy Yiuf
  1813 | D:2      | Reached XP level 4. HP: 9/33 MP: 4/4
  2399 | D:3      | Found Xotojok's Weapon Boutique.
  2706 | D:4      | Reached skill level 5 in Stealth
  2712 | D:4      | Slain by an orc

Illustrated notes

Levels and vault maps discovered:
D:1:      dpeg_arrival_boxes_within_box, layout_loops_corners
D:2:      layout_loops_ring, serial_undead, serial_undead_e, serial_undead_e,
          serial_undead_e, serial_undead_e, supply_closet_lemuel,
          uniq_crazy_yiuf_cottage
D:3:      layout_rooms, serial_shops, nicolae_lakefront_shop
D:4:      minmay_octagon_keep, layout_layer_cave, mainiacjoe_overflow_boulevard,
          trog_book

Skill      XL: |  1  2  3  4 |
---------------+-------------+-----
Short Blades   | 2 3 |  3.5
Stealth        | 4 5 |  5.0
Fighting       | |  2.0
Throwing       | |  1.7
Dodging        | |  0.8

Action                     |  1- 3 |  4- 6 || total
---------------------------+-------+-------++-------
  Melee: Dagger            |   101 |    22 ||   123
  Throw: Dart              |     1 |     6 ||     7
         Boomerang         |       |     9 ||     9
    Use: Scroll            |       |     1 ||     1
   Stab: Sleeping          |    13 |     9 ||    22
         Distracted        |     2 |       ||     2
 Armour: Robe              |    39 |    14 ||    53
  Dodge: Dodged            |    50 |    13 ||    63

Table legend: (Time is in decaauts)
 A = Elapsed time spent in this place.
 B = Non-inter-level travel time spent in this place.
 C = Inter-level travel time spent in this place.
 D = Time resting spent in this place.
 E = Time spent auto-exploring this place.
 F = Levels seen in this place.
 G = Mean time per level.
                   A        B        C        D        E       F      G
               +--------+--------+--------+--------+--------+-----+--------+
         Total |   2697 |   2596 |    101 |     92 |   2022 |   4 |  674.2 |
       Dungeon |   2697 |   2596 |    101 |     92 |   2022 |   4 |  674.2 |
               +--------+--------+--------+--------+--------+-----+--------+

Top non-repeatable levels by time:
     D:1: 953 daAuts
     D:2: 949 daAuts
     D:3: 561 daAuts
     D:4: 232 daAuts
